cohdb
Replays
Latest Replays
All Replays
Popular Replays
Top Player Replays
Match Explorer
How It Works
Community
CoH3 Stats
Reddit
Sign in to upload your games and track your stats! →
Sign in with Steam
Match 39148781
Unlisted
Match 39148781
Overview
Messages
Build Orders
End
Construct Barracks
Riflemen Squad
Riflemen Squad
Selects Advanced Infantry Battlegroup
Construct Weapon Support Center
Bazooka Squad
Riflemen Squad
Air Support Center
Selects Convert to Ranger Squad
M1918 Browning Automatic Rifles
Grasshopper Recon Run
P-47 Dive Bomb
Selects Frontline Medical Station
M1919 Machine Gun Team
Selects Frontline Medical Station
Frontline Medical Station
M1919 Machine Gun Team
Bazooka Squad
Grenade Package
Construct Tank Depot
Selects Ranger Weapon Training
Grasshopper Recon Run
P-47 Strafing Run
P-47 Strafing Run
M18 Hellcat Tank Destroyer
Grasshopper Recon Run
Engineer Squad
P-47 Strafing Run
M18 Hellcat Tank Destroyer
Grasshopper Recon Run
Riflemen Squad
Grasshopper Recon Run
P-47 Strafing Run
M4A1 Sherman Medium Tank
Grasshopper Recon Run
M4A1 Sherman Medium Tank
Grasshopper Recon Run
P-47 Dive Bomb
MCSavarino
jorge7289
Stormless
Grunka Lunka
0
0
Comments
sign in to comment!
No comments posted yet!